 Dungeon Crawl Stone Soup version 0.20.1-1-g8b1a95d (webtiles) character file.

74031 gunmagnum the Bludgeoner (level 15, -2/214 HPs)
             Began as a Minotaur Berserker on Sept 12, 2017.
             Was the Champion of Trog.
             Slain by a blizzard demon (7 damage)
             ... in the Vestibule of Hell.
             The game lasted 02:16:20 (19587 turns).

gunmagnum the Bludgeoner (Minotaur Berserker)      Turns: 19587, Time: 02:16:20

Health: -2/214     AC: 28    Str: 33    XL:     15   Next: 5%
Magic:  20/20      EV: 14    Int:  4    God:    Trog [******]
Gold:   715        SH:  0    Dex: 14    Spells: 14/14 levels left

rFire    + + .     SeeInvis +   e - +9 flail "Xijuim" {freeze, rPois rF+ Dex+4}
rCold    . . .     Gourm    .   (no shield)
rNeg     + . .     Faith    +   N - +3 plate armour "Yqurghuo" {*Slow rF+ rN+ MR++}
rPois    +         Spirit   .   (helmet restricted)
rElec    .         Reflect  .   o - +1 cloak {+Inv}
rCorr    .         Harm     .   f - +2 pair of gloves
MR       ++++.                  X - +1 pair of boots
Stlth    ..........             J - amulet of faith
Regen    0.5/turn               O - ring of see invisible
MPRegen  0.2/turn               G - ring of protection from magic

@: berserking (expiring), drained, very quick
A: retaliatory headbutt, horns 2
a: Berserk, Trog's Hand, Brothers in Arms, Burn Spellbooks, Renounce Religion,
Evoke Invisibility


You were in the Vestibule of Hell.
You worshipped Trog.
Trog was exalted by your worship.
You were hungry.

You visited 3 branches of the dungeon, and saw 19 of its levels.

You collected 962 gold pieces.
You spent 247 gold pieces at shops.

Inventory:

Hand Weapons
 e - the +9 flail "Xijuim" (weapon) {freeze, rPois rF+ Dex+4}
   (Trog gifted it to you on level 9 of the Dungeon)

   It has been specially enchanted to freeze those struck by it, causing extra
   injury to most foes and up to half again as much damage against particularly
   susceptible opponents.
   It can also slow down cold-blooded creatures.
   It affects your dexterity (+4).
   It protects you from fire.
   It protects you from poison.
 E - a +5 dire flail of crushing
 H - the +4 whip of Wusmo {slash, *Drain +Inv Str+4}
   (You found it on level 6 of the Dungeon)

   It inflicts extra damage upon your enemies.
   It affects your strength (+4).
   It lets you turn invisible.
   It causes draining when unequipped.
 W - a +0 great mace of venom
Missiles
 b - 29 arrows
Armour
 d - a +1 chain mail of fire resistance
 f - a +2 pair of gloves (worn)
 o - a +1 cloak of invisibility (worn)
 N - the +3 plate armour "Yqurghuo" (worn) {*Slow rF+ rN+ MR++}
   (You found it on level 8 of the Dungeon)

   It protects you from fire.
   It protects you from negative energy.
   It affects your resistance to hostile enchantments.
   It may slow you when you take damage.
 P - a +3 plate armour of fire resistance
 X - a +1 pair of boots (worn)
 Y - a +2 cloak
Magical Staves
 s - an uncursed staff of power {unknown}
Jewellery
 x - an uncursed amulet of the gourmand
 D - an uncursed ring of flight
 G - a ring of protection from magic (right hand)
 J - an amulet of faith (around neck)
 O - a ring of see invisible (left hand)
 T - a +5 ring of strength
Wands
 a - a wand of iceblast (11/15)
 m - a wand of digging (3/24)
 p - a wand of flame (22/48)
 z - a wand of lightning (9/15)
 A - a wand of paralysis (0/24)
 F - a wand of disintegration (0/24)
 K - a wand of clouds (1/9)
 M - a wand of polymorph (0/24)
Scrolls
 k - 2 scrolls of random uselessness {unknown}
 l - 5 scrolls of teleportation
 t - 2 scrolls of enchant weapon
 u - 2 scrolls of magic mapping {unknown}
 v - 6 scrolls of remove curse
 B - 3 scrolls of recharging {unknown}
 Q - a scroll of identify
 Z - 2 scrolls of fog {unknown}
Potions
 i - 10 potions of curing
 j - 2 potions of berserk rage
 n - 2 potions of flight
 q - 2 potions of ambrosia
 w - 7 potions of lignification
 C - a potion of cancellation
 I - 4 potions of might
 L - 2 potions of haste {unknown}
 S - 2 potions of resistance {unknown}
 U - 2 potions of agility {unknown}
 V - a potion of magic {unknown}
Miscellaneous
 y - a phial of floods
Comestibles
 c - 7 bread rations
 g - 18 fruits
 h - 3 royal jellies
 r - 10 meat rations


   Skills:
 + Level 15.7(15.5) Fighting
 + Level 17.8(17.7) Maces & Flails
 + Level 14.2(14.1) Armour
 - Level 10.0(9.8) Dodging
 + Level 8.6(8.5) Evocations


You had 14 spell levels left.
You didn't know any spells.

Dungeon Overview and Level Annotations

Branches:
Dungeon (12/15)            Temple (0/1) D:4            Lair (6/6) D:11
  Swamp (0/4) Lair:2       Spider (0/4) Lair:3        Slime (0/5) Lair:5
    Orc (0/2) D:10           Hell (1/1)
    Dis: Hell:1         Geh: Hell:1         Coc: Hell:1         Tar: Hell:1

Altars:
Ashenzari
Cheibriados
Elyvilon
Fedhas
Hepliaklqana
Kikubaaqudgha
Makhleb
Nemelex Xobeh
Trog
Uskayaw
Vehumet
Xom
Yredelemnul
Zin

Shops:
D:11 :*(((

Portals:
Hell: Lair:6

Annotations:
D:2 2 transporters, Menkaure
D:5 exclusion: statue
Hell Geryon


Innate Abilities, Weirdness & Mutations

You reflexively headbutt those who attack you in melee.
You have a pair of horns on your head.


Message History

Your headbutt misses the spriggan berserker zombie.
The spriggan berserker zombie is severely damaged.
The hell hog bites you but does no damage.
The spriggan berserker zombie hits you but does no damage.
You pound the spriggan berserker zombie like an anvil!!!
You freeze the spriggan berserker zombie.
You destroy the spriggan berserker zombie!
Trog accepts your kill. The soul eater closely misses you.
You furiously retaliate!
You headbutt the soul eater! The hell beast closely misses you.
You furiously retaliate!
You headbutt the hell beast.
The hell beast tramples you but does no damage.
The hell hog bites you!
* * * LOW HITPOINT WARNING * * *
Geryon barely misses you.
An iron imp comes into view.
You bludgeon the hell beast!! You freeze the hell beast!
The hell beast is severely wounded.
The blizzard demon barely misses you. The blizzard demon hits you!
You die...

##.......##
##.........##
##...........##
##.............#
#...............
................
.∩......3......∩
......222.......
#.....&3@.......
##.....h.......#
##...........##
##.........##
##.......##
##..∩..##
##...## #5..#


You could see Geryon, a hell beast, a blizzard demon, 2 soul eaters, a hell hog,
a hellion and an iron imp.

Vanquished Creatures
  Rupert (Lair:3)
  Snorg (D:11)
  Josephine (D:11)
  Harold (Lair:3)
  Erolcha (D:9)
  6 hydras
  2 catoblepae
  4 two-headed ogres
  20 death yaks
  3 hell hogs
  A soul eater (Hell)
  2 sun demons
  Nergalle (Lair:3)
  An unseen horror (D:11)
  A wizard (Lair:6)
  An orb spider (Lair:3)
  4 ugly things
  5 oklob plants
  A cyclops (D:11)
  A manticore (D:12)
  A centaur zombie (D:12)
  3 black mambas
  4 elephants (Lair:5)
  Psyche (D:11)
  12 spiny frogs
  2 orange demons (Lair:6)
  2 torpor snails
  4 rime drakes
  3 kobold demonologists
  5 komodo dragons (Lair:4)
  2 ice devils (Lair:6)
  A hellwing (Lair:6)
  2 trolls
  2 red devils (Lair:6)
  6 polar bears (Lair:4)
  A spriggan zombie (Hell)
  12 dream sheep
  7 blink frogs
  6 slime creatures (D:12)
  13 hippogriffs
  Sigmund (D:6)
  5 wraiths
  3 wyverns
  2 hungry ghosts (D:9)
  Eustachio (D:6)
  2 basilisks
  44 yaks
  Grum (D:9)
  Edmund (D:5)
  7 swamp worms (Lair:2)
  11 water moccasins
  3 hell hounds (Lair:6)
  7 porcupines
  A black bear (D:12)
  2 ice beasts
  A necrophage (D:8)
  5 ogres
  3 sky beasts
  4 orc warriors (D:10)
  3 phantoms
  23 wolves
  10 crocodiles
  3 centaurs
  2 big kobolds
  5 bullfrogs
  A wyvern zombie (D:12)
  A wyvern skeleton (D:7)
  5 scorpions
  6 killer bees
  A howler monkey (D:4)
  5 wights (D:11)
  8 electric eels
  3 bullfrog zombies
  6 crimson imps
  4 hounds
  2 jellies
  3 orc priests
  3 bullfrog skeletons
  Ijyb (D:5)
  Terence (D:3)
  An iguana (D:6)
  6 orc wizards
  7 worker ants
  A hound skeleton (D:10)
  2 worker ant zombies
  3 gnolls (D:9)
  16 adders
  2 shadow imps
  2 oozes (D:4)
  2 adder skeletons
  14 worms
  4 dart slugs
  5 leopard geckos
  28 orcs
  3 giant cockroaches
  14 goblins
  8 hobgoblins
  5 jackals
  18 kobolds
  8 quokkas
  2 ball pythons
  9 bats
  8 frilled lizards
  A leopard gecko skeleton (D:4)
  7 rats
523 creatures vanquished.

Vanquished Creatures (collateral kills)
  A yak (Lair:5)
1 creature vanquished.

Vanquished Creatures (others)
  12 fungi
  9 plants
21 creatures vanquished.

Grand Total: 545 creatures vanquished

Notes
Turn   | Place    | Note
-------+----------+-------------------------------------------
     0 | D:1      | gunmagnum the Minotaur Berserker began the quest for the Orb.
     0 | D:1      | Reached XP level 1. HP: 19/19 MP: 0/0
    73 | D:1      | Reached skill level 4 in Maces & Flails
   112 | D:1      | Reached XP level 2. HP: 26/27 MP: 1/1
   432 | D:1      | Reached ** piety under Trog
   453 | D:1      | Reached XP level 3. HP: 31/33 MP: 2/2
   589 | D:2      | Found a basalt altar of Yredelemnul.
   590 | D:2      | Noticed a necrophage
   591 | D:2      | Noticed Menkaure
   592 | D:2      | Found an ancient bone altar of Kikubaaqudgha.
   628 | D:2      | Found a transporter.
   633 | D:2      | Found a transporter.
   695 | D:2      | Reached skill level 5 in Maces & Flails
   803 | D:2      | Reached XP level 4. HP: 38/41 MP: 3/3
   810 | D:2      | Found a sparkling altar of Nemelex Xobeh.
  1397 | D:3      | Reached *** piety under Trog
  1517 | D:3      | Found a bloodstained altar of Trog.
  1527 | D:3      | Reached skill level 6 in Maces & Flails
  1533 | D:3      | Reached XP level 5. HP: 31/47 MP: 4/4
  1666 | D:3      | Noticed Terence
  1676 | D:3      | Killed Terence
  1777 | D:3      | Reached skill level 5 in Fighting
  2017 | D:4      | Noticed a phantom
  2037 | D:4      | Killed a phantom
  2037 | D:4      | Reached skill level 7 in Maces & Flails
  2037 | D:4      | Reached XP level 6. HP: 42/56 MP: 5/5
  2145 | D:4      | Found a staircase to the Ecumenical Temple.
  2383 | D:4      | Found a blossoming altar of Fedhas.
  2599 | D:5      | Entered Level 5 of the Dungeon
  2631 | D:5      | Reached skill level 8 in Maces & Flails
  2716 | D:5      | Found a shimmering altar of Xom.
  2729 | D:5      | Reached XP level 7. HP: 60/62 MP: 6/6
  2896 | D:5      | Noticed Ijyb
  2896 | D:5      | Paralysed by Ijyb for 4 turns
  2908 | D:5      | Paralysed by Ijyb for 3 turns
  2911 | D:5      | Killed Ijyb
  3011 | D:5      | Noticed Edmund
  3018 | D:5      | Killed Edmund
  3018 | D:5      | Reached skill level 9 in Maces & Flails
  3099 | D:5      | Reached **** piety under Trog
  3101 | D:5      | Reached XP level 8. HP: 27/71 MP: 7/7
  3481 | D:5      | Found a radiant altar of Vehumet.
  3498 | D:5      | Reached skill level 5 in Armour
  3751 | D:5      | Found a glowing silver altar of Zin.
  3903 | D:6      | Found a white marble altar of Elyvilon.
  3903 | D:6      | Noticed Eustachio
  3912 | D:6      | Reached skill level 10 in Maces & Flails
  3921 | D:6      | Killed Eustachio
  4221 | D:6      | Noticed Sigmund
  4229 | D:6      | Killed Sigmund
  4492 | D:6      | Got an ichor-stained whip
  4705 | D:6      | Reached skill level 11 in Maces & Flails
  4866 | D:6      | Reached XP level 9. HP: 80/81 MP: 8/8
  5737 | D:8      | Reached skill level 1 in Evocations
  5844 | D:8      | Got an ichor-stained plate armour
  5873 | D:8      | Found a hazy altar of Hepliaklqana.
  5875 | D:8      | Found a hide-covered altar of Uskayaw.
  5877 | D:8      | Found a shattered altar of Ashenzari.
  6094 | D:8      | Found a snail-covered altar of Cheibriados.
  6374 | D:8      | Reached ***** piety under Trog
  6874 | D:9      | Reached skill level 12 in Maces & Flails
  6920 | D:9      | Noticed Grum
  7016 | D:9      | Noticed Erolcha
  7032 | D:9      | Killed Erolcha
  7032 | D:9      | Reached XP level 10. HP: 63/91 MP: 11/11
  7225 | D:9      | Noticed a soul eater
  7557 | D:9      | Killed Grum
  7557 | D:9      | Reached skill level 13 in Maces & Flails
  7590 | D:9      | Identified the +3 plate armour "Yqurghuo" {*Slow rF+ rN+ MR++} (You found it on level 8 of the Dungeon)
  7611 | D:9      | Identified the +4 whip of Wusmo {slash, *Drain +Inv Str+4} (You found it on level 6 of the Dungeon)
  7725 | D:9      | Received a gift from Trog
  7728 | D:9      | Got a slimy flail {god gift}
  7729 | D:9      | Identified the +9 flail "Xijuim" {freeze, rPois rF+ Dex+4} (Trog gifted it to you on level 9 of the Dungeon)
  8033 | D:10     | Entered Level 10 of the Dungeon
  8624 | D:10     | Reached skill level 10 in Fighting
  8635 | D:10     | Found a staircase to the Orcish Mines.
  9111 | D:11     | Noticed a two-headed ogre
  9121 | D:11     | Killed a two-headed ogre
  9153 | D:11     | Noticed Josephine
  9175 | D:11     | Killed Josephine
  9175 | D:11     | Reached skill level 5 in Evocations
  9175 | D:11     | Reached XP level 11. HP: 96/101 MP: 13/13
  9333 | D:11     | Noticed a purple ugly thing
  9336 | D:11     | Killed a purple ugly thing
  9336 | D:11     | Reached skill level 14 in Maces & Flails
  9351 | D:11     | Found Vooll's Weapon Emporium.
  9375 | D:11     | Noticed Psyche
  9382 | D:11     | Killed Psyche
  9510 | D:11     | Noticed an unseen horror
  9512 | D:11     | Killed an unseen horror
  9515 | D:11     | Received a gift from Trog
  9551 | D:11     | Found Betafopp's Assorted Antiques.
  9577 | D:11     | Bought a glowing cloak for 247 gold pieces
  9586 | D:11     | Found a staircase to the Lair.
  9605 | D:11     | Found Seeqaph's Book Emporium.
  9611 | D:11     | Noticed a sixfirhy
  9633 | D:11     | Found Piotsati's Antique Weapon Shop.
  9633 | D:11     | Noticed Snorg
  9644 | D:11     | Killed Snorg
  9644 | D:11     | Reached skill level 5 in Dodging
  9741 | D:11     | Noticed a two-headed ogre
  9750 | D:11     | Killed a two-headed ogre
 10022 | D:11     | Found Qonee's Weapon Shop.
 10028 | D:11     | Noticed a purple ugly thing
 10035 | D:11     | Killed a purple ugly thing
 10114 | D:12     | Noticed a two-headed ogre
 10121 | D:12     | Killed a two-headed ogre
 10312 | D:12     | Noticed a purple ugly thing
 10323 | D:12     | Killed a purple ugly thing
 10323 | D:12     | Reached XP level 12. HP: 95/111 MP: 15/15
 11442 | D:12     | Reached skill level 15 in Maces & Flails
 11471 | D:12     | Reached skill level 10 in Armour
 11980 | D:12     | Noticed a two-headed ogre
 12028 | D:12     | Killed a two-headed ogre
 12222 | Lair:1   | Entered Level 1 of the Lair of Beasts
 12657 | Lair:1   | Got a bloodstained bardiche
 12658 | Lair:1   | Identified the +1 bardiche of Dishonour {venom, rF+ Dex+2} (You found it on level 1 of the Lair of Beasts)
 12677 | Lair:1   | Noticed an eight-headed hydra
 12688 | Lair:1   | Killed an eight-headed hydra
 12694 | Lair:1   | Noticed a seven-headed hydra
 12700 | Lair:1   | Killed a seven-headed hydra
 13775 | Lair:2   | Found a staircase to the Swamp.
 14137 | Lair:2   | Received a gift from Trog
 14241 | Lair:3   | Noticed Rupert
 14258 | Lair:3   | Killed Rupert
 14258 | Lair:3   | Reached XP level 13. HP: 54/122 MP: 16/16
 14627 | Lair:3   | Noticed Harold
 14642 | Lair:3   | Killed Harold
 14686 | Lair:3   | Found a hole to the Spider Nest.
 14724 | Lair:3   | Reached skill level 16 in Maces & Flails
 14763 | Lair:3   | Reached ****** piety under Trog
 15114 | Lair:3   | Noticed Nergalle
 15118 | Lair:3   | Killed Nergalle
 16117 | Lair:4   | Reached skill level 10 in Dodging
 17049 | Lair:5   | Reached XP level 14. HP: 79/133 MP: 18/18
 17579 | Lair:5   | Reached skill level 17 in Maces & Flails
 17612 | Lair:5   | Found a staircase to the Slime Pits.
 17756 | Lair:6   | Entered Level 6 of the Lair of Beasts
 18125 | Lair:6   | Received a gift from Trog
 18166 | Lair:6   | Reached skill level 15 in Fighting
 19202 | Lair:6   | Found a burning altar of Makhleb.
 19450 | Lair:6   | Found a gateway to Hell.
 19465 | Hell     | Entered the Vestibule of Hell
 19465 | Hell     | Noticed Geryon
 19475 | Lair:6   | Reached XP level 15. HP: 113/141 MP: 20/20
 19571 | Hell     | Received a gift from Trog
 19586 | Hell     | HP: 5/214 [hell hog (11)]
 19587 | Hell     | Slain by a blizzard demon

Skill      XL: |  1  2  3  4  5  6  7  8  9 10 11 12 13 14 |
---------------+-------------------------------------------+-----
Maces & Flails | 4 5 6 7 8 9 11 12 13 14 15 16 17 | 17.8
Fighting       | 4 5 6 8 9 10 11 13 14 15 | 15.7
Armour         | 3 4 6 7 9 11 12 14 | 14.2
Evocations     | 3 5 6 8 |  8.6
Dodging        | 3 6 8 10 | 10.0

Action                   |  1- 3 |  4- 6 |  7- 9 | 10-12 | 13-15 || total
-------------------------+-------+-------+-------+-------+-------++-------
Melee: Mace              |    72 |   164 |    71 |       |       ||   307
       Headbutt          |    11 |    27 |    49 |   129 |   180 ||   396
       Dire flail        |       |       |   136 |    29 |     4 ||   169
       Flail             |       |       |       |   431 |   525 ||   956
Invok: Berserk           |       |       |     3 |     3 |     5 ||    11
       Burn Spellbooks   |       |       |     1 |     3 |     1 ||     5
 Abil: Evoke Flight      |       |       |       |     2 |       ||     2
       Evoke Invisibilit |       |       |       |       |     2 ||     2
Evoke: Wand              |       |       |     2 |    12 |       ||    14
       Phantom mirror    |       |       |       |       |     1 ||     1
  Use: Scroll            |       |     1 |     8 |     8 |    14 ||    31
       Potion            |       |       |       |     2 |     3 ||     5
 Stab: Invisible         |       |       |       |       |     2 ||     2
  Eat: Chunk             |       |     2 |     6 |     9 |    13 ||    30
       Bread ration      |       |     1 |     2 |     1 |     2 ||     6
       Meat ration       |       |       |       |     3 |       ||     3
Armor: Ring mail         |    25 |    18 |       |       |       ||    43
       Animal skin       |     1 |       |       |       |       ||     1
       Scale mail        |       |    22 |    56 |     8 |       ||    86
       Plate armour      |       |       |       |   197 |   279 ||   476
Dodge: Dodged            |    46 |    82 |    86 |   203 |   296 ||   713
